 Dungeon Crawl Stone Soup version 0.29-a0-251-g80730f7218 (webtiles) character file.

Game seed: 15154616527595994039

53 horus123 the Ogre Mage (level 3, -4/31 HPs)
             Began as an Ogre Ice Elementalist on Mar 5, 2022.
             Slain by a gnoll
             ... wielding a +0 club
              (5 damage)
             ... on level 1 of the Dungeon.
             The game lasted 00:03:54 (1509 turns).

horus123 the Ogre Mage (Ogre Ice Elementalist)      Turns: 1509, Time: 00:03:55

Health: -4/31      AC:  3    Str: 12    XL:     3   Next: 87%
Magic:  1/9        EV:  9    Int: 18    God:
Gold:   25         SH:  0    Dex:  9    Spells: 3/11 levels left

rFire   . . .      SeeInvis .   c - staff of death
rCold   . . .      Faith    .   (no shield)
rNeg    + . .      Spirit   .   a - +0 robe
rPois   .          Reflect  .   (helmet restricted)
rElec   .          Harm     .   (no cloak)
rCorr   .          Rampage  .   (gloves unavailable)
Will    .....                   (boots unavailable)
Stlth   +.........              (no amulet)
HPRegen 0.10/turn               (no ring)
MPRegen 0.11/turn               (no ring)

@: no status effects
A: large, unfitting armour, tough skin 1
a: no special abilities


You were on level 1 of the Dungeon.
You visited 1 branch of the dungeon, and saw 2 of its levels.

You collected 25 gold pieces.

Inventory:

Armour
 a - a +0 robe (worn)
Magical Staves
 c - a staff of death (weapon)
Scrolls
 d - 2 scrolls of identify
Potions
 b - 2 potions of curing


   Skills:
 - Level 1.7 Dodging
 - Level 1.4 Stealth
 + Level 4.6 Spellcasting
 - Level 3.6 Ice Magic


You had 3 spell levels left.
You knew the following spells:

 Your Spells              Type           Power      Damage    Failure   Level
a - Freeze                Ice            68%        1d8       3%          1
b - Frozen Ramparts       Ice            34%        1d5       10%         3
c - Slow                  Hex            16%        N/A       14%         1
d - Ozocubu's Armour      Ice            17%        N/A       10%         3

Your spell library contained the following spells:

 Spells                   Type           Power      Damage    Failure   Level
 Sublimation of Blood     Necr           6%         N/A       22%         2
 Wereblood                Tmut           4%         N/A       22%         2
 Confusing Touch          Hex            4%         N/A       38%         3
 Vampiric Draining        Necr           6%         2d6       38%         3
 Hailstorm                Conj/Ice       10%        3d5       54%         4
 Summon Hydra             Summ           2%         N/A       100%        7


Dungeon Overview and Level Annotations

Branches:
Dungeon (2/15)

Altars:


Innate Abilities, Weirdness & Mutations

You are too large for most types of armour.
You have tough skin. (AC +1)


Message History

You hit the jackal but do no damage. The jackal closely misses you.
The jackal misses you.
You hit the jackal.
The jackal is heavily wounded.
The jackal bites you. x2
You hit the jackal.
The jackal is severely wounded.
The jackal closely misses you.
You hit the jackal.
You kill the jackal!
Aiming: Freeze (safe; 3% risk of failure)
Press: ? - help, Q - select action, (/) - cycle Shift-Dir - straight line, f - gnoll
Aim: a gnoll, wielding a +0 club You freeze the gnoll.
The gnoll is moderately wounded.
The gnoll hits you with a +0 club.
* * * LOW HITPOINT WARNING * * *
The gnoll closely misses you.
You see here a giant cockroach corpse.
There is a stone staircase leading up here.
The gnoll barely misses you. The jackal bites you.
* * * LOW HITPOINT WARNING * * *
You climb upwards.
There is a stone staircase leading down here.
Aiming: Freeze (safe; 3% risk of failure)
Press: ? - help, Q - select action, (/) - cycle Shift-Dir - straight line, f - gnoll
Aim: a gnoll, wielding a +0 club (moderately wounded)
You freeze the gnoll.
The gnoll is heavily wounded.
The jackal bites you.
* * * LOW HITPOINT WARNING * * *
The gnoll hits you with a +0 club.
* * * LOW HITPOINT WARNING * * *
Aiming: Freeze (safe; 3% risk of failure)
Press: ? - help, Q - select action, (/) - cycle Shift-Dir - straight line, f/p - gnoll
Aim: a gnoll, wielding a +0 club (heavily wounded)
You freeze the gnoll.
The gnoll is heavily wounded.
The jackal closely misses you. The gnoll hits you with a +0 club.
You die...

.....# #........### #.........
.....#####..........# ####......
...............####.## ##..##.
.............### #..# ##.##.
.#....#.#+#### ##.# #.##.
.#..........# #####..##### #....
^#....#.....# #...#..#...# #..#'
.#..#.#.....# #...#..#...# #....
'#..#.#.....# #.@.#..'...# #....
............# #.hg#..#...# ##...
......#.....# #...####...# #...
......#.....####'######'######...
......#.##'###...##..##..........
##...)......#..............###...
.................##..##...## ###.
.........##.####'######+### ##
.........##.# #...####...# ###


You could see a gnoll and a jackal.

Vanquished Creatures
  A gnoll (D:2)
  A worm (D:2)
  3 ball pythons (D:1)
  3 endoplasms
  2 giant cockroaches
  3 goblins
  6 hobgoblins
  6 jackals
  3 kobolds (D:1)
  2 bats
  3 frilled lizards (D:1)
  A rat (D:1)
34 creatures vanquished.

Notes
Turn   | Place    | Note
-------+----------+-------------------------------------------
     0 | D:1      | horus123 the Ogre Ice Elementalist began the quest for the
                  | Orb.
     0 | D:1      | Reached XP level 1. HP: 16/16 MP: 3/3
    82 | D:1      | Found a faded altar of an unknown god.
   176 | D:1      | Reached skill level 3 in Spellcasting
   178 | D:1      | Reached XP level 2. HP: 19/24 MP: 0/6
   810 | D:1      | Reached XP level 3. HP: 25/31 MP: 4/8
   955 | D:1      | Reached skill level 4 in Spellcasting
  1190 | D:1      | Learned a level 3 spell: Frozen Ramparts
  1192 | D:1      | Learned a level 1 spell: Slow
  1196 | D:1      | Learned a level 3 spell: Ozocubu's Armour
  1508 | D:1      | HP: 1/31 [gnoll/+0 club (5)]
  1509 | D:1      | Slain by a gnoll

Illustrated notes

Levels and vault maps discovered:
D:1:      dpeg_arrival_houses_and_road, layout_basic, basic_ecumenical_altar,
          roderic_serpentine_path
D:2:      layout_basic

Skill      XL: |  1  2  3 |
---------------+----------+-----
Spellcasting   | 3 4 |  4.6
Dodging        | |  1.7
Stealth        | |  1.4
Ice Magic      | |  3.6

Action                   || total
-------------------------++-------
Melee: Unarmed           ||    27
       Staff             ||    10
 Cast: Freeze            ||    55
  Use: Scroll            ||     1
Armor: Robe              ||    27
Dodge: Dodged            ||    49

Table legend: (Time is in decaauts)
 A = Elapsed time spent in this place.
 B = Non-inter-level travel time spent in this place.
 C = Inter-level travel time spent in this place.
 D = Time resting spent in this place.
 E = Time spent auto-exploring this place.
 F = Levels seen in this place.
 G = Mean time per level.
                   A        B        C        D        E       F      G
               +--------+--------+--------+--------+--------+-----+--------+
         Total |   1510 |   1486 |     24 |    217 |    972 |   2 |  755.0 |
       Dungeon |   1510 |   1486 |     24 |    217 |    972 |   2 |  755.0 |
               +--------+--------+--------+--------+--------+-----+--------+

Top non-repeatable levels by time:
     D:1: 1222 daAuts
     D:2: 288 daAuts
